 Dungeon Crawl Stone Soup version 0.27-a0-1456-gf5a116941d (webtiles) character file.

Game seed: 4659540636073163375

58 Sweetruy1997 the Skirmisher (level 4, -3/37 HPs)
             Began as a Barachi Fighter on July 6, 2021.
             Slain by an ogre (24 damage)
             ... on level 3 of the Dungeon on July 7, 2021.
             The game lasted 00:05:35 (1983 turns).

Sweetruy1997 the Skirmisher (Barachi Fighter)       Turns: 1983, Time: 00:05:36

Health: -3/37      AC:  8    Str: 17    XL:     4   Next: 2%
Magic:  4/4        EV:  7    Int:  9    God:
Gold:   167        SH:  9    Dex: 12    Spells: 3/3 levels left

rFire    . . .     SeeInvis .   a - +0 long sword
rCold    . . .     Faith    .   c - +0 kite shield
rNeg     . . .     Spirit   .   b - +0 scale mail
rPois    .         Reflect  .   (no helmet)
rElec    .         Harm     .   (no cloak)
rCorr    .         Rampage  .   (no gloves)
Will     .....                  e - +0 pair of boots
Stlth    ..........             (no amulet)
HPRegen  0.12/turn              (no ring)
MPRegen  0.09/turn              (no ring)

@: slow
A: amphibious, slowness 1, strong legs 1, +LOS
a: Hop


You were on level 3 of the Dungeon.
You visited 1 branch of the dungeon, and saw 3 of its levels.

You collected 167 gold pieces.

Inventory:

Hand Weapons
 a - a +0 long sword (weapon)
Armour
 b - a +0 scale mail (worn)
 c - a +0 kite shield (worn)
 e - a +0 pair of boots (worn)
Scrolls
 f - a scroll of teleportation {unknown}
Potions
 d - a potion of might
 g - a potion of flight {unknown}
 h - a potion of cancellation {unknown}


   Skills:
 - Level 4.0 Fighting
 + Level 3.7 Long Blades
 - Level 4.0 Armour
 - Level 1.0 Dodging
 + Level 3.8 Shields


You had 3 spell levels left.
You didn't know any spells.
Your spell library contained the following spells:

 Spells                   Type           Power      Damage    Failure   Level
 Foxfire                  Conj/Fire      0%         2x1d4     99%         1
 Conjure Flame            Conj/Fire      0%         6-21      100%        3
 Inner Flame              Hex/Fire       0%         N/A       100%        3


Dungeon Overview and Level Annotations

Branches:
Dungeon (3/15)

Altars:
Xom

Annotations:
D:3 Terence


Innate Abilities, Weirdness & Mutations

You are amphibious.
You cover ground slowly.
You can hop short distances.
You have an extended range of vision and can be seen from far away.


Message History

You hit the orc.
The orc is heavily wounded.
You block the orc's attack.
Unknown command.
You hit the orc.
You kill the orc!
You start resting.
HP restored.
There is a stone staircase leading down here.
You climb downwards.
Level annotation: Terence
There is a stone staircase leading up here.
A hobgoblin comes into view.
The hobgoblin shouts!
Found 14 gold pieces.
An ogre comes into view. It is wielding a +0 giant club.
The hobgoblin barely misses you.
Found a bubbling clear potion.
The ogre shouts!
You slash the hobgoblin!
You kill the hobgoblin!
You have reached level 4!
You feel clever.
Found a ring mail.
You see here a hobgoblin corpse.
A bat comes into view.
You hit the bat.
You kill the bat!
You hit the ogre.
The ogre is lightly wounded.
The ogre hits you with a +0 giant club.
You hit the ogre.
The ogre is moderately wounded.
The ogre hits you with a +0 giant club!
You completely miss the ogre.
The ogre is moderately wounded.
You block the ogre's attack.
The ogre hits you with a +0 giant club!!
Ouch! That really hurt!
You die...

.# .#...# #...# #.#
...#...#..##...### #.#
.#...#...#.......# #.#
...#.O.#...#.....######.#
#...#...#...#...##.....#
#...#†..#...#.##.#.#.###
#.$.#...#.#.#...<.....
#...#.O.#...#.#..#.#..##
#...#...#@..#.#.........#
...#...#...#...#.#######.#
[#...#...#...#.#.#.....#.#
..#.!.#...#.....#.....#.#
#...#...#...#...#.._..'.##
.#...#...#.....#.....#..#
..#...#...#.#.#.....#...
#.. #...#..##.#######...
.# #..## #..........#


You could see an ogre.

Vanquished Creatures
  A worm (D:3)
  2 dart slugs
  2 orcs (D:2)
  4 ball pythons
  7 bats
  7 endoplasms
  A giant cockroach (D:1)
  3 hobgoblins
  4 jackals (D:2)
  5 kobolds
  5 frilled lizards
  5 rats
46 creatures vanquished.

Notes
Turn   | Place    | Note
-------+----------+-------------------------------------------
     0 | D:1      | Sweetruy1997 the Barachi Fighter began the quest for the
                  | Orb.
     0 | D:1      | Reached XP level 1. HP: 18/18 MP: 1/1
   471 | D:1      | Reached XP level 2. HP: 25/25 MP: 2/2
  1064 | D:2      | Reached XP level 3. HP: 29/30 MP: 3/3
  1075 | D:2      | Found a faded altar of an unknown god.
  1538 | D:2      | Reached skill level 1 in Dodging
  1666 | D:3      | Found a shimmering altar of Xom.
  1801 | D:3      | Noticed Terence
  1974 | D:3      | Noticed an ogre
  1976 | D:3      | Reached XP level 4. HP: 37/37 MP: 4/4
  1983 | D:3      | Slain by an ogre

Illustrated notes

Levels and vault maps discovered:
D:1:      amcnicky_arrival_underground_garden, layout_loops_ring,
          kennysheep_boxes
D:2:      layout_rooms, hellmonk_ecumenical_altar_blasted, nrook_mini_backslash
D:3:      layout_loops_ring, amcnicky_altar_gilded, lemuel_crystal_altar,
          nicolae_overflow_quartered_altars, hex_large, uniq_terence

Skill      XL: |  1  2  3 |
---------------+----------+-----
Fighting       | 4 |  4.0
Long Blades    | 3 |  3.7
Armour         | 4 |  4.0
Dodging        | 1 |  1.0
Shields        | |  3.8

Action                   |  1- 3 |  4- 6 || total
-------------------------+-------+-------++-------
Melee: Long sword        |   120 |     4 ||   124
 Abil: Hop               |     1 |       ||     1
Armor: Scale mail        |    72 |       ||    72
Dodge: Dodged            |    52 |       ||    52
Block: Kite shield       |    60 |     1 ||    61
       Rpst.: Long sword |    17 |       ||    17

Table legend: (Time is in decaauts)
 A = Elapsed time spent in this place.
 B = Non-inter-level travel time spent in this place.
 C = Inter-level travel time spent in this place.
 D = Time resting spent in this place.
 E = Time spent auto-exploring this place.
 F = Levels seen in this place.
 G = Mean time per level.
                   A        B        C        D        E       F      G
               +--------+--------+--------+--------+--------+-----+--------+
         Total |   2262 |   2176 |     86 |    572 |   1183 |   3 |  754.0 |
       Dungeon |   2262 |   2176 |     86 |    572 |   1183 |   3 |  754.0 |
               +--------+--------+--------+--------+--------+-----+--------+

Top non-repeatable levels by time:
     D:1: 1217 daAuts
     D:2: 835 daAuts
     D:3: 210 daAuts
